[ AOE2 MATCH · #506468133 ]
UnrankedMongols vs Khmer
Player's team · LOSS
Rival team · WIN
[ REPLAY ANALYSIS · EXTRACTED FROM THE RECORDED GAME ]
Feudal
—
Castle
—
Imperial
—
| APM avg | 65.7 |
| APM peak | 110 |
| eAPM avg | 24.0 |
| Villagers / military | 38 / 0 |
Focus
⚔️ 28.0% · 🌾 72.0%
Feudal
18:08
Castle
—
Imperial
—
| APM avg | 58.7 |
| APM peak | 88 |
| eAPM avg | 29.5 |
| Villagers / military | 76 / 0 |
Focus
⚔️ 26.9% · 🌾 73.1%
Match map
Initial resources + every placement click. Lines = walls · curves = elevation contours. ◆ gold · ⬟ stone · ● berries · ✦ relic · ◌ wall gap
Your base· Open — unwalled flank
Young Carter's base· Open — unwalled flank
Smoothed initial terrain · ◌ = detected wall gap · hover for details
Inputs per minute
— Guthrie_Govan - - Young Carter
Build order — Guthrie_Govan
86 actions detected in the replay
| 0:01 | Create | Villager (Male) |
| 0:01 | Create | Villager (Male) |
| 0:01 | Create | Villager (Male) |
| 0:02 | Build | House |
| 0:04 | Build | House |
| 0:11 | Create | Villager (Male) |
| 1:27 | Create | Villager (Male) |
| 1:28 | Create | Villager (Male) |
| 1:51 | Build | Lumber Camp |
| 2:02 | Build | Lumber Camp |
| 2:03 | Create | Villager (Male) |
| 2:20 | Create | Villager (Male) |
| 2:20 | Create | Villager (Male) |
| 2:50 | Create | Villager (Male) |
| 2:51 | Create | Villager (Male) |
| 2:51 | Create | Villager (Male) |
| 3:19 | Create | Villager (Male) |
| 3:29 | Build | House |
| 3:33 | Build | House |
| 3:54 | Create | Villager (Male) |
| 4:13 | Create | Villager (Male) |
| 4:30 | Create | Villager (Male) |
| 4:30 | Create | Villager (Male) |
| 4:33 | Create | Villager (Male) |
| 4:49 | Create | Villager (Male) |
| 5:09 | Create | Villager (Male) |
| 5:23 | Build | Mill |
| 6:44 | Research | Loom |
| 6:52 | Research | Loom |
| 6:52 | Research | Loom |
| 6:55 | Build | House |
| 7:31 | Build | Town Center |
| 7:37 | Build | Palisade Wall |
| 7:41 | Build | Palisade Wall |
| 7:42 | Build | Palisade Wall |
| 7:54 | Build | House |
| 7:55 | Build | Palisade Wall |
| 8:00 | Build | Palisade Wall |
| 8:30 | Create | Villager (Male) |
| 8:49 | Create | Villager (Male) |
| 8:49 | Create | Villager (Male) |
| 8:50 | Create | Villager (Male) |
| 9:33 | Create | Villager (Male) |
| 9:34 | Create | Villager (Male) |
| 10:08 | Build | Palisade Wall |
| 10:28 | Build | House |
| 10:31 | Create | Villager (Male) |
| 10:56 | Create | Villager (Male) |
| 11:48 | Build | Palisade Wall |
| 11:49 | Build | Palisade Wall |
| 11:50 | Build | Palisade Wall |
| 12:07 | Build | Palisade Wall |
| 12:44 | Create | Villager (Male) |
| 13:53 | Create | Villager (Male) |
| 13:57 | Build | House |
| 15:08 | Create | Villager (Male) |
| 15:09 | Create | Villager (Male) |
| 16:03 | Create | Villager (Male) |
| 17:16 | Build | Palisade Wall |
| 17:23 | Create | Villager (Male) |
| 17:23 | Create | Villager (Male) |
| 17:29 | Build | Palisade Wall |
| 17:30 | Build | Palisade Wall |
| 17:31 | Build | Palisade Wall |
| 18:16 | Build | Palisade Wall |
| 18:26 | Create | Villager (Male) |
| 19:14 | Create | Villager (Male) |
| 19:53 | Create | Villager (Male) |
| 20:07 | Build | House |
| 21:18 | Build | Lumber Camp |
| 22:55 | Build | Palisade Wall |
| 23:02 | Build | Palisade Wall |
| 23:08 | Build | Palisade Wall |
| 23:10 | Build | Palisade Wall |
| 23:10 | Build | Palisade Wall |
| 23:11 | Build | Palisade Wall |
| 23:35 | Build | Palisade Wall |
| 23:36 | Build | Palisade Wall |
| 24:20 | Build | Palisade Wall |
| 24:22 | Build | Palisade Wall |
| 24:23 | Build | Palisade Wall |
| 25:06 | Build | Palisade Wall |
| 25:06 | Build | Palisade Wall |
| 25:08 | Build | Palisade Wall |
| 25:09 | Build | Palisade Wall |
| 25:16 | Build | Palisade Wall |
Build order — Young Carter
119 actions detected in the replay
| 0:00 | Create | Villager (Male) |
| 0:01 | Create | Villager (Male) |
| 0:01 | Create | Villager (Male) |
| 0:02 | Build | House |
| 0:04 | Build | House |
| 0:12 | Create | Villager (Male) |
| 0:12 | Create | Villager (Male) |
| 1:23 | Create | Villager (Male) |
| 1:23 | Create | Villager (Male) |
| 1:31 | Build | Lumber Camp |
| 1:51 | Create | Villager (Male) |
| 2:13 | Create | Villager (Male) |
| 2:13 | Create | Villager (Male) |
| 2:32 | Create | Villager (Male) |
| 3:13 | Create | Villager (Male) |
| 3:17 | Create | Villager (Male) |
| 3:17 | Create | Villager (Male) |
| 3:24 | Build | House |
| 3:29 | Create | Villager (Male) |
| 3:29 | Create | Villager (Male) |
| 4:33 | Create | Villager (Male) |
| 4:50 | Build | Mill |
| 4:57 | Create | Villager (Male) |
| 4:58 | Create | Villager (Male) |
| 4:59 | Create | Villager (Male) |
| 5:18 | Create | Villager (Male) |
| 5:24 | Create | Villager (Male) |
| 6:03 | Build | House |
| 6:03 | Create | Villager (Male) |
| 6:14 | Create | Villager (Male) |
| 6:14 | Create | Villager (Male) |
| 6:25 | Create | Villager (Male) |
| 6:26 | Create | Villager (Male) |
| 6:51 | Research | Loom |
| 7:37 | Research | Feudal Age |
| 8:16 | Build | Lumber Camp |
| 8:19 | Create | Villager (Male) |
| 8:22 | Create | Villager (Male) |
| 8:23 | Create | Villager (Male) |
| 8:25 | Create | Villager (Male) |
| 9:48 | Create | Villager (Male) |
| 9:54 | Create | Villager (Male) |
| 10:10 | Create | Villager (Male) |
| 10:18 | Build | House |
| 10:25 | Create | Villager (Male) |
| 11:09 | Build | House |
| 11:48 | Create | Villager (Male) |
| 12:42 | Create | Villager (Male) |
| 12:42 | Create | Villager (Male) |
| 12:42 | Create | Villager (Male) |
| 13:00 | Create | Villager (Male) |
| 13:16 | Build | Mill |
| 13:36 | Create | Villager (Male) |
| 13:52 | Create | Villager (Male) |
| 14:01 | Build | Farm |
| 14:07 | Build | Farm |
| 14:13 | Build | Farm |
| 14:19 | Build | Farm |
| 14:21 | Create | Villager (Male) |
| 14:51 | Build | House |
| 15:02 | Create | Villager (Male) |
| 15:09 | Create | Villager (Male) |
| 15:37 | Create | Villager (Male) |
| 15:42 | Build | House |
| 15:58 | Research | Feudal Age |
| 16:42 | Create | Villager (Male) |
| 16:55 | Build | House |
| 18:01 | Create | Villager (Male) |
| 18:08 | Age | Feudal Age |
| 18:08 | Create | Villager (Male) |
| 18:23 | Create | Villager (Male) |
| 18:43 | Build | Blacksmith |
| 19:03 | Create | Villager (Male) |
| 19:18 | Create | Villager (Male) |
| 19:26 | Research | Fletching |
| 19:31 | Create | Villager (Male) |
| 19:49 | Create | Villager (Male) |
| 19:51 | Build | House |
| 20:28 | Create | Villager (Male) |
| 20:38 | Build | Watch Tower |
| 20:46 | Build | Watch Tower |
| 20:53 | Create | Villager (Male) |
| 21:08 | Build | House |
| 21:13 | Create | Villager (Male) |
| 21:41 | Build | Farm |
| 21:41 | Create | Villager (Male) |
| 21:58 | Create | Villager (Male) |
| 22:02 | Create | Villager (Male) |
| 22:16 | Create | Villager (Male) |
| 22:16 | Create | Villager (Male) |
| 22:16 | Create | Villager (Male) |
| 22:28 | Create | Villager (Male) |
| 22:45 | Build | Farm |
| 22:48 | Build | Farm |
| 22:49 | Build | Farm |
| 23:11 | Create | Villager (Male) |
| 23:12 | Create | Villager (Male) |
| 23:17 | Build | Farm |
| 23:53 | Build | Farm |
| 23:54 | Create | Villager (Male) |
| 24:03 | Create | Villager (Male) |
| 24:24 | Build | Farm |
| 24:25 | Create | Villager (Male) |
| 24:36 | Create | Villager (Male) |
| 24:38 | Build | Palisade Wall |
| 24:40 | Build | Palisade Wall |
| 24:41 | Build | Palisade Wall |
| 24:41 | Build | Palisade Wall |
| 24:42 | Build | Palisade Wall |
| 24:42 | Build | Palisade Wall |
| 24:45 | Build | Palisade Wall |
| 24:47 | Create | Villager (Male) |
| 24:47 | Create | Villager (Male) |
| 25:02 | Create | Villager (Male) |
| 25:24 | Create | Villager (Male) |
| 25:27 | Create | Villager (Male) |
| 25:36 | Create | Villager (Male) |
| 25:39 | Build | Palisade Gate |
| 25:47 | Build | Palisade Gate |
Match timeline
| 7:37 | Guthrie_Govan · wall_segment Palisade Wall x2 |
| 7:41 | Guthrie_Govan · wall_segment Palisade Wall x1 |
| 7:42 | Guthrie_Govan · wall_segment Palisade Wall x1 |
| 7:55 | Guthrie_Govan · wall_segment Palisade Wall x1 |
| 8:00 | Guthrie_Govan · wall_segment Palisade Wall x1 |
| 10:08 | Guthrie_Govan · wall_segment Palisade Wall x1 |
| 11:48 | Guthrie_Govan · wall_segment Palisade Wall x1 |
| 11:49 | Guthrie_Govan · wall_segment Palisade Wall x1 |
| 11:50 | Guthrie_Govan · wall_segment Palisade Wall x1 |
| 12:07 | Guthrie_Govan · wall_segment Palisade Wall x1 |
| 17:16 | Guthrie_Govan · wall_segment Palisade Wall x1 |
| 17:29 | Guthrie_Govan · wall_segment Palisade Wall x1 |
| 17:30 | Guthrie_Govan · wall_segment Palisade Wall x1 |
| 17:31 | Guthrie_Govan · wall_segment Palisade Wall x1 |
| 18:08 | Young Carter · age_up feudal |
| 18:16 | Guthrie_Govan · wall_segment Palisade Wall x1 |
| 22:55 | Guthrie_Govan · wall_segment Palisade Wall x3 |
| 23:02 | Guthrie_Govan · wall_segment Palisade Wall x1 |
| 23:08 | Guthrie_Govan · wall_segment Palisade Wall x1 |
| 23:10 | Guthrie_Govan · wall_segment Palisade Wall x1 |
| 23:10 | Guthrie_Govan · wall_segment Palisade Wall x1 |
| 23:11 | Guthrie_Govan · wall_segment Palisade Wall x1 |
| 23:35 | Guthrie_Govan · wall_segment Palisade Wall x1 |
| 23:36 | Guthrie_Govan · wall_segment Palisade Wall x1 |
| 24:20 | Guthrie_Govan · wall_segment Palisade Wall x1 |
| 24:22 | Guthrie_Govan · wall_segment Palisade Wall x1 |
| 24:23 | Guthrie_Govan · wall_segment Palisade Wall x1 |
| 24:38 | Young Carter · wall_segment Palisade Wall x1 |
| 24:40 | Young Carter · wall_segment Palisade Wall x1 |
| 24:41 | Young Carter · wall_segment Palisade Wall x1 |
| 24:41 | Young Carter · wall_segment Palisade Wall x1 |
| 24:42 | Young Carter · wall_segment Palisade Wall x1 |
| 24:42 | Young Carter · wall_segment Palisade Wall x1 |
| 24:45 | Young Carter · wall_segment Palisade Wall x1 |
| 25:06 | Guthrie_Govan · wall_segment Palisade Wall x1 |
| 25:06 | Guthrie_Govan · wall_segment Palisade Wall x1 |
| 25:08 | Guthrie_Govan · wall_segment Palisade Wall x1 |
| 25:09 | Guthrie_Govan · wall_segment Palisade Wall x1 |
| 25:16 | Guthrie_Govan · wall_segment Palisade Wall x1 |
| 25:49 | Guthrie_Govan · resign |
[ AI ANALYSIS · 1 CREDIT ]
What really happened in this match?
Wolo.gg analyzes every decision: build order, eco, micro, common mistakes by bracket. Personalized analysis on WhatsApp or Discord in 30 seconds.
Civ guide
Mongols
Perfil
Jugador #4224302